 Dungeon Crawl Stone Soup version 0.22.1-2-g9c5b331383 (webtiles) character file.

688 Peloso the Slasher (level 7, -3/61 HPs)
             Began as a Minotaur Fighter on Dec 24, 2018.
             Slain by an ogre
             ... wielding a +0 giant club
              (17 damage)
             ... on level 4 of the Dungeon.
             The game lasted 00:05:55 (3172 turns).

Peloso the Slasher (Minotaur Fighter)               Turns: 3172, Time: 00:05:55

Health: -3/61      AC: 11    Str: 21    XL:     7   Next: 36%
Magic:  15/15      EV:  6    Int:  5    God:
Gold:   165        SH: 10    Dex: 11    Spells: 6/6 levels left

rFire    . . .     SeeInvis .   a - +0 long sword
rCold    . . .     Gourm    .   c - +0 shield
rNeg     . . .     Faith    .   m - +0 chain mail
rPois    .         Spirit   .   (helmet restricted)
rElec    .         Reflect  .   C - +0 cloak
rCorr    .         Harm     .   (no gloves)
MR       .....                  (no boots)
Stlth    ..........             (no amulet)
HPRegen  0.20/turn              i - ring of flight
MPRegen  0.14/turn              o - ring of magical power (curse)

@: no status effects
A: retaliatory headbutt, horns 2
a: Evoke Flight


You were on level 4 of the Dungeon.
You were not hungry.

You visited 1 branch of the dungeon, and saw 5 of its levels.

You collected 165 gold pieces.

Inventory:

Hand Weapons
 a - a +0 long sword (weapon)
 g - a +3 whip of freezing
Armour
 b - a +0 scale mail
 c - a +0 shield (worn)
 m - a +0 chain mail (worn)
 C - a +0 cloak (worn)
Jewellery
 i - a ring of flight (left hand)
 o - a cursed ring of magical power (right hand)
Wands
 s - a wand of enslavement (18)
 v - a wand of acid (9)
Scrolls
 e - 3 scrolls of remove curse {unknown}
 h - 3 scrolls of identify {unknown}
 k - a scroll of magic mapping {unknown}
 p - a scroll of amnesia {unknown}
 q - 3 scrolls of teleportation {unknown}
 r - 3 scrolls of blinking {unknown}
 u - 2 scrolls of enchant weapon {unknown}
 y - a scroll of fear {unknown}
Potions
 d - 2 potions of might
 j - a potion of lignification {unknown}
 l - 3 potions of curing {unknown}
 n - a potion of mutation {unknown}
 t - 5 potions of degeneration {unknown}
 w - a potion of heal wounds {unknown}
 x - a potion of brilliance {unknown}
 A - a potion of magic {unknown}
 B - a potion of flight {unknown}
Comestibles
 f - 9 rations
 z - 4 chunks of flesh


   Skills:
 + Level 5.1 Fighting
 + Level 6.1 Long Blades
 + Level 5.8 Armour
 + Level 1.1 Dodging
 + Level 0.3 Stealth
 + Level 5.9 Shields
 + Level 0.3 Evocations


You had 6 spell levels left.
You didn't know any spells.
Your spell library contained the following spells:

 Spells                   Type           Power        Failure   Level  Hunger
 Animate Skeleton         Necr           N/A          100%        1    ##.....
 Apportation              Tloc           #.....       100%        1    ##.....
 Confusing Touch          Hex            #.....       100%        1    ##.....
 Summon Small Mammal      Summ           #...         100%        1    ##.....


Dungeon Overview and Level Annotations

Branches:
Dungeon (5/15)
 Temple: D:4-7

Altars:
Uskayaw
Xom


Innate Abilities, Weirdness & Mutations

You reflexively headbutt those who attack you in melee.
You have a pair of horns on your head.


Message History

The ogre is moderately wounded.
You block the ogre's attack. The gnoll barely misses you.
You barely miss the ogre. You headbutt the ogre!
The ogre is severely wounded.
You block the ogre's attack.
The gnoll hits you from afar with a halberd.
* * * LOW HITPOINT WARNING * * *
A jelly comes into view.
The jelly quivers.
The ogre hits you with a giant club!
* * * LOW HITPOINT WARNING * * *
There is a stone staircase leading up here.
The jelly barely misses you. You furiously retaliate!
You headbutt the jelly. You block the ogre's attack.
You climb upwards.
There is a stone staircase leading down here.
You hit the ogre but do no damage. You headbutt the ogre.
The ogre is almost dead.
You block the jelly's attack. The ogre hits you with a giant club!
You die...

### ##
#########.#
###########.
#.........#
#...........
#.#######J#
#.#########.
#.#.....#@#
#.# #.
#....##.#O#
#.# #.
###..##.#.#
#.# #.
#..##.#.#
#.# #.
#..##.#.#
#.# #. #####
#..##.#.#
#.# ## ....#
#..##.#.#
#.# ###.#
#..##.#.#
#.# #.#
#.....#.#
#.#


You could see an ogre and a jelly.

Vanquished Creatures
  An ice beast (D:4)
  An ogre (D:5)
  A scorpion (D:3)
  4 crimson imps (D:3)
  2 jellies
  A bullfrog skeleton (D:4)
  An orc priest (D:4)
  A hound skeleton (D:4)
  4 adders
  7 gnolls
  2 oozes (D:1)
  2 dart slugs
  2 leopard geckos
  4 orcs (D:3)
  12 bats
  2 giant cockroaches
  4 goblins
  9 hobgoblins
  4 jackals
  4 kobolds (D:1)
  3 frilled lizards
  A jackal skeleton (D:4)
  7 rats
79 creatures vanquished.

Notes
Turn   | Place    | Note
-------+----------+-------------------------------------------
     0 | D:1      | Peloso the Minotaur Fighter began the quest for the Orb.
     0 | D:1      | Reached XP level 1. HP: 19/19 MP: 0/0
    47 | D:1      | Reached XP level 2. HP: 27/27 MP: 1/1
   373 | D:1      | Reached XP level 3. HP: 30/33 MP: 2/2
   549 | D:1      | Reached skill level 3 in Long Blades
  1487 | D:3      | Reached XP level 4. HP: 40/40 MP: 3/3
  1562 | D:3      | Reached skill level 4 in Long Blades
  1922 | D:3      | Found a hide-covered altar of Uskayaw.
  2012 | D:3      | Reached XP level 5. HP: 32/46 MP: 4/4
  2191 | D:3      | Found a shimmering altar of Xom.
  2205 | D:3      | Reached skill level 5 in Armour
  2366 | D:3      | Reached skill level 5 in Shields
  2409 | D:3      | Reached XP level 6. HP: 39/53 MP: 5/5
  2585 | D:4      | Reached skill level 5 in Long Blades
  2842 | D:4      | Reached skill level 1 in Dodging
  2926 | D:4      | Noticed an ice beast
  2933 | D:4      | Killed an ice beast
  2933 | D:4      | Reached skill level 5 in Fighting
  2933 | D:4      | Reached XP level 7. HP: 61/61 MP: 6/6
  3072 | D:5      | Entered Level 5 of the Dungeon
  3135 | D:5      | Reached skill level 6 in Long Blades
  3172 | D:4      | Slain by an ogre

Skill      XL: |  1  2  3  4  5  6  7 |
---------------+----------------------+-----
Armour         | 4 5 |  5.8
Shields        | 4 5 |  5.9
Long Blades    | 3 4 5 6 |  6.1
Fighting       | 4 5 |  5.1
Dodging        | 1 |  1.1
Stealth        | |  0.3
Evocations     | |  0.3

Action                   |  1- 3 |  4- 6 |  7- 9 || total
-------------------------+-------+-------+-------++-------
Melee: Long sword        |   103 |    98 |    18 ||   219
       Headbutt          |    17 |    19 |     8 ||    44
Evoke: Wand              |       |       |     2 ||     2
  Eat: Chunk             |       |     6 |     1 ||     7
Armor: Scale mail        |    28 |       |       ||    28
       Chain mail        |    49 |    57 |     7 ||   113
Dodge: Dodged            |    24 |    27 |     5 ||    56
Block: Shield            |    59 |    56 |    12 ||   127
       Rpst.: Long sword |     5 |     7 |     1 ||    13
